 Dungeon Crawl Stone Soup version 0.21-a0-260-g9b2435e (webtiles) character file.

60 KarmaPolice the Skirmisher (level 3, -2/30 HPs)
             Began as a Demonspawn Abyssal Knight on Sept 7, 2017.
             Was a Follower of Lugonu.
             Shot with an arrow by a centaur (14 damage)
             ... on level 4 of the Dungeon.
             The game lasted 00:04:47 (2996 turns).

KarmaPolice the Skirmisher (DsAK)                   Turns: 2996, Time: 00:04:47

Health: -2/30      AC:  3    Str: 13    XL:     3   Next: 82%
Magic:  0/5        EV: 11    Int: 13    God:    Lugonu [*.....]
Gold:   242        SH:  0    Dex: 12    Spells: 2/2 levels left

rFire    . . .     SeeInvis .   a - +1 hand axe
rCold    . . .     Gourm    .   (no shield)
rNeg     . . .     Faith    .   b - +0 leather armour
rPois    .         Spirit   +   (helmet restricted)
rElec    .         Reflect  .   (no cloak)
rCorr    .         Harm     .   (no gloves)
MR       .....                  (no boots)
Stlth    +.........             d - amulet of guardian spirit
HPRegen  0.10/turn              (no ring)
MPRegen  0.09/turn              (no ring)

@: no status effects
A: horns 1
a: Depart the Abyss, Renounce Religion


You were on level 4 of the Dungeon.
You worshipped Lugonu.
Lugonu was aware of your devotion.
You were very hungry.

You visited 1 branch of the dungeon, and saw 4 of its levels.
You visited the Abyss 1 time.

You collected 242 gold pieces.

Inventory:

Hand Weapons
 a - a +1 hand axe (weapon)
 t - the +3 trident "Xiptipp" {pain, rN+ Str+5 Dex+4, unknown}
   (You found it on level 4 of the Dungeon)

   In the hands of one skilled in necromantic magic, it inflicts extra damage on
   living creatures.
   It affects your strength (+5).
   It affects your dexterity (+4).
   It protects you from negative energy.
Armour
 b - a +0 leather armour (worn)
Jewellery
 d - an amulet of guardian spirit (around neck)
 q - an uncursed ring of fire {unknown}
 s - a +4 ring of dexterity {unknown}
Scrolls
 e - 3 scrolls of identify {unknown}
 j - a scroll of recharging {unknown}
 k - 3 scrolls of amnesia {unknown}
 n - 5 scrolls of teleportation {unknown}
 o - a scroll of random uselessness {unknown}
 p - 3 scrolls of remove curse {unknown}
 r - a scroll of enchant weapon {unknown}
Potions
 h - 2 potions of curing {unknown}
 i - a potion of ambrosia {unknown}
 l - 4 potions of lignification {unknown}
 m - 2 potions of heal wounds {unknown}
Comestibles
 c - 2 bread rations
 f - 3 royal jellies
 g - 3 fruits


   Skills:
 + Level 3.7 Fighting
 + Level 2.5 Axes
 + Level 1.7 Armour
 - Level 0.8 Dodging
 - Level 3.7 Invocations


You had 2 spell levels left.
You didn't know any spells.

Dungeon Overview and Level Annotations

Branches:
Dungeon (4/15)
 Temple: D:4-7

Altars:
Fedhas
Nemelex Xobeh
Okawaru


Innate Abilities, Weirdness & Mutations

You have a pair of small horns on your head.


Message History

The centaur shoots an arrow.
The arrow barely misses you.
The centaur unwields an uncursed shortbow.
The centaur hits you but does no damage.
You hit the centaur but do no damage. The centaur hits you.
The centaur barely misses you.
You closely miss the centaur.
The centaur hits you but does no damage.
An iguana comes into view.
You slash the centaur!
The centaur is moderately wounded.
The centaur closely misses you. The centaur hits you.
An ogre comes into view. It is wielding a giant club.
You hit the centaur but do no damage. You headbutt the centaur.
The centaur is heavily wounded.
The centaur hits you. The centaur hits you! The iguana closely misses you.
Okay, then.
You aren't in the Abyss!
The centaur wields an uncursed shortbow.
The centaur shoots an arrow.
The arrow hits you!
You die...

#####.#..#.# #.# #.#....#
#.# #.##.### #.#
########## #.##..# #.#
.........###+###.## #.##
#............##..#####...
+...(....................
#.........l..............
#.>....(@.cO............#
#.#########.#...........#
#.#...........#
#.#...........#
#.#...........#
..#...........#
..#............
..c#............
...#............


You could see an ogre, a centaur and an iguana.

Vanquished Creatures
  An adder (D:2)
  2 dart slugs
  3 worms
  A leopard gecko (D:2)
  4 giant cockroaches
  3 goblins
  4 hobgoblins
  4 kobolds
  2 quokkas
  6 bats
  3 frilled lizards
  3 rats
36 creatures vanquished.

Notes
Turn   | Place    | Note
-------+----------+-------------------------------------------
     0 | Abyss:1  | KarmaPolice the Demonspawn Abyssal Knight began the quest for the Orb.
     0 | Abyss:1  | Reached XP level 1. HP: 18/18 MP: 2/2
     7 | Abyss:1  | Found a corrupted altar of Lugonu.
    46 | Abyss:1  | Noticed a ynoxinul
    59 | Abyss:1  | Noticed a large abomination
    65 | Abyss:1  | Noticed a starcursed mass
    73 | D:1      | Escaped the Abyss
   257 | D:1      | Gained mutation: You have a pair of small horns on your head. [demonic ancestry]
   257 | D:1      | Reached XP level 2. HP: 22/24 MP: 4/4
   322 | D:1      | Reached * piety under Lugonu
   735 | D:2      | Found a sparkling altar of Nemelex Xobeh.
   899 | D:2      | Found a blossoming altar of Fedhas.
  1009 | D:2      | Reached XP level 3. HP: 29/29 MP: 3/5
  1185 | D:2      | Found an iron altar of Okawaru.
  2134 | D:3      | You fall through a shaft!
  2981 | D:4      | Noticed a centaur
  2988 | D:4      | Got an ichor-stained trident
  2995 | D:4      | Noticed an ogre
  2996 | D:4      | Shot with an arrow by a centaur

Vault maps used:
D:1:      lemuel_arrival_hallway
D:2:      overflow_temple_1_default, okawaru_metal_pillars_1_2,
          old_standard_altar, minmay_stone_trees_medium,
          minmay_misc_feat_diagonals
D:3:      first_bread
D:4:      nicolae_overflow_hidden_temple, nicolae_ru_awakened_eye,
          nicolae_gozag_seed_capital

Skill      XL: |  1  2 |
---------------+-------+-----
Axes           | 2 |  2.5
Invocations    | 3 |  3.7
Fighting       | |  3.7
Armour         | |  1.7
Dodging        | |  0.8

Action                   || total
-------------------------++-------
Melee: Hand axe          ||   120
       Headbutt          ||    23
Invok: Depart the Abyss  ||     1
  Eat: Chunk             ||     5
Armor: Leather armour    ||    48
Dodge: Dodged            ||    83

Table legend:
 A = Spawn XP
 B = Non-spawn XP
 C = Spawn XP percentage of total XP
 D = Spawn monster count
 E = Non-spawn monster count
 F = Spawn count percentage of total count
 G = Total turns spent on level
                    A         B        C        D         E        F      G
               +---------+---------+-------+---------+---------+-------+---------
         Total |       0 |      87 |   0.0 |       0 |      36 |   0.0 |  2996
               +---------+---------+-------+---------+---------+-------+---------
           D:1 |       0 |      19 |   0.0 |       0 |      10 |   0.0 |   609
           D:2 |       0 |      42 |   0.0 |       0 |      13 |   0.0 |  1026
           D:3 |       0 |      25 |   0.0 |       0 |      12 |   0.0 |  1107
           D:4 |       0 |       1 |   0.0 |       0 |       1 |   0.0 |   181
               +---------+---------+-------+---------+---------+-------+---------
